 Dungeon Crawl Stone Soup version 0.29-a0-1016-g236c7fd91e (webtiles) character file.

Game seed: 15826530392652196097

6628 flotson the Grave Robber (level 10, -5/76 HPs)
             Began as a Demonspawn Necromancer on Aug 9, 2022.
             Was an Initiate of Gozag.
             Slain by a two-headed ogre
             ... wielding a +0 giant club
              (10 damage)
             ... on level 10 of the Dungeon.
             The game lasted 00:29:10 (11571 turns).

flotson the Grave Robber (Demonspawn Necromancer)  Turns: 11571, Time: 00:29:11

Health: -5/76      AC:  7    Str: 17    XL:     10   Next: 72%
Magic:  18/18      EV: 14    Int: 18    God:    Gozag
Gold:   1928       SH:  0    Dex: 18    Spells: 1/19 levels left

rFire   . . .      SeeInvis .   a - +2 trident (venom)
rCold   . . .      Faith    .   (no shield)
rNeg    . . .      Spirit   .   t - +2 robe of Eternal Night {Str+6 Dex+4}
rPois   +          Reflect  .   (no helmet)
rElec   .          Harm     .   (no cloak)
rCorr   +          Rampage  .   x - +0 pair of gloves
Will    .....                   e - +0 pair of boots
Stlth   ++........              (no amulet)
HPRegen 0.22/turn               k - ring of poison resistance
MPRegen 0.16/turn               p - ring of resist corrosion

@: no status effects
A: hooves 1, rugged brown scales 1, powered by death 1, spiny 2
a: Renounce Religion, Potion Petition, Call Merchant, Bribe Branch


You were on level 10 of the Dungeon.
You worshipped Gozag.
Gozag was most pleased with you.
You visited 1 branch of the dungeon, and saw 10 of its levels.
You also visited: Ossuary and Bailey.

You collected 1984 gold pieces.
You paid 56 gold pieces to Gozag.

Inventory:

Hand Weapons
 a - a +2 trident of venom (weapon)
 b - a +0 sling
 y - a +2 mace of protection
 D - a +0 dire flail of protection
Missiles
 d - 7 curare-tipped darts (quivered)
 n - 5 javelins
 H - 11 poisoned darts
 J - 12 boomerangs
Armour
 e - a +0 pair of boots (worn)
 t - the +2 robe of Eternal Night (worn) {Str+6 Dex+4}
   (You took it off an orc on level 4 of the Dungeon)

   Str:       It affects your strength (+6).
   Dex:       It affects your dexterity (+4).
 x - a +0 pair of gloves (worn)
 L - a +2 scale mail of fire resistance
Jewellery
 k - a ring of poison resistance (left hand)
 p - a ring of resist corrosion (right hand)
 v - a ring of protection from cold
 K - a ring of magical power
Wands
 l - a wand of acid (12)
 F - a wand of roots (7)
 G - a wand of mindburst (11)
 I - a wand of flame (26)
 O - a wand of digging (4)
Scrolls
 c - 3 scrolls of poison
 f - a scroll of fear
 g - 5 scrolls of enchant armour
 h - a scroll of blinking
 o - 6 scrolls of immolation
 q - a scroll of magic mapping {unknown}
 u - 4 scrolls of noise
 w - 4 scrolls of teleportation
 E - a scroll of fog {unknown}
 N - a scroll of summoning {unknown}
 P - a scroll of identify
Potions
 i - 2 potions of magic
 j - 3 potions of lignification
 m - 3 potions of berserk rage
 r - 6 potions of flight
 s - 3 potions of curing
 z - a potion of heal wounds
 A - 3 potions of attraction
 B - 4 potions of mutation
 C - a potion of haste
 M - a potion of cancellation


   Skills:
 + Level 5.0 Fighting
 - Level 2.2 Maces & Flails
 + Level 3.7 Polearms
 + Level 4.3 Ranged Weapons
 + Level 4.3 Throwing
 + Level 4.5 Armour
 + Level 5.0 Dodging
 - Level 2.0 Stealth
 + Level 5.3 Spellcasting
 + Level 7.3 Necromancy
 + Level 4.5 Translocations
 + Level 4.7 Evocations


You had one spell level left.
You knew the following spells:

 Your Spells              Type           Power      Damage    Failure   Level
a - Necrotise             Necr           100%       1d9       1%          1
b - Blink                 Tloc           42%        N/A       3%          2
c - Vampiric Draining     Necr           31%        2d8       1%          3
d - Animate Dead          Necr           31%        N/A       6%          4
e - Lesser Beckoning      Tloc           21%        N/A       6%          3
f - Agony                 Necr           31%        N/A       17%         5

Your spell library contained the following spells:

 Spells                   Type           Power      Damage    Failure   Level
 Sublimation of Blood     Necr           31%        N/A       1%          2
 Portal Projectile        Hex/Tloc       26%        N/A       16%         3
 Poisonous Vapours        Pois/Air       8%         N/A       19%         2
 Scorch                   Fire           8%         2d5       19%         2
 Call Canine Familiar     Summ           4%         N/A       36%         3
 Stone Arrow              Conj/Erth      8%         3d7       36%         3
 Iskenderun's Mystic Bla  Conj/Tloc      13%        2d5       45%         4
 Manifold Assault         Tloc           21%        N/A       47%         5
 Flame Wave               Conj/Fire      4%         2d5       77%         4
 Fulminant Prism          Conj/Hex       2%         3d6       77%         4
 Leda's Liquefaction      Hex/Erth       2%         N/A       77%         4
 Petrify                  Tmut/Erth      4%         N/A       77%         4
 Irradiate                Conj/Tmut      2%         3d12      98%         5
 Lee's Rapid Deconstruct  Erth           2%         3d5*      98%         5
 Summon Cactus Giant      Summ           2%         N/A       100%        6
 Corpse Rot               Necr/Pois/Air  Unusable   N/A       N/A         4

Dungeon Overview and Level Annotations

Branches:
Dungeon (10/15)            Temple (0/1) D:7         Ossuary (visited)
 Bailey (visited)
   Lair: D:8-11         Orc: D:9-12

Altars:
Cheibriados
Dithmenos
Fedhas
Gozag
Makhleb
Sif Muna
Uskayaw
Wu Jian

Shops:
D:8 *

Annotations:
D:7 1 runed translucent door, CorralTheTroops's ghost, novice GrCj
D:8 2 transporters, xian's ghost, novice DsFi
D:9 Amaemon; Erolcha


Innate Abilities, Weirdness & Mutations

You have large cloven feet.
You are partially covered in rugged brown scales. (AC +1, +3% HP)
You regenerate a little health from kills.
You are mostly covered in sharp spines.


Message History

Found a stone staircase leading down.
A - 3 potions of attraction (gained 1)
A two-headed ogre comes into view.
It is wielding a +0 giant club and a +0 giant spiked club.
The two-headed ogre shouts in stereo!
You reach to attack!
You hit the two-headed ogre.
The two-headed ogre is poisoned.
The two-headed ogre is lightly wounded.
You puncture the two-headed ogre!
The two-headed ogre looks as sick as possible!
The two-headed ogre is moderately wounded.
The two-headed ogre is struck by your spines.
The two-headed ogre hits you with a +0 giant club.
The two-headed ogre hits you with a +0 giant spiked club!
You hit the two-headed ogre but do no damage.
The two-headed ogre looks as sick as possible!
The two-headed ogre is moderately wounded.
The two-headed ogre closely misses you.
The two-headed ogre hits you with a +0 giant spiked club!!
You are too injured to fight recklessly!
You are too injured to fight recklessly!
You are too injured to fight recklessly!
You are too injured to fight recklessly!
You are too injured to fight recklessly!
You are too injured to fight recklessly!
Reach: a) +2 trident (venom)
Press: ? - help, Dir - move target, f/p - two-headed ogre
Aim: a two-headed ogre, wielding a +0 giant club and a +0 giant spiked club (moderately wounded, extremely poisoned, about 22% to evade your +2 trident of venom)
You reach to attack!
You hit the two-headed ogre.
The two-headed ogre is heavily wounded.
The two-headed ogre attacks as you move away!
The two-headed ogre is struck by your spines.
The two-headed ogre closely misses you.
The two-headed ogre hits you with a +0 giant spiked club!!
* * * LOW HITPOINT WARNING * * *
You puncture the two-headed ogre!
The two-headed ogre is severely wounded.
The two-headed ogre is struck by your spines.
The two-headed ogre hits you with a +0 giant club!
You die...
Your body crumbles into a pile of gold.

#.....P≈≈≈.≈≈≈P###...#
..
#..8...).........#.....
.
#.....P≈≈≈.≈≈≈P#......##
#.♣.♣.##≈≈.≈≈###.......
#(.(.####≈.≈## .......#
#########P.P# #.......#
#....>.##.## .....
#......##.#####......
#......@O...........#
#......########....##
#......# ...# ########
..# ####### ## #.....#
#.....#######
#.....##....#
#........##.#


You could see a two-headed ogre (very poisoned).

Vanquished Creatures
  A two-headed ogre (D:9)
  Psyche (D:9)
  A troll (D:10)
  A hornet (D:9)
  Prince Ribbit (D:5)
  Sigmund (D:6)
  A shadow (D:9)
  2 yaks
  2 wyverns
  Menkaure (D:6)
  Edmund (D:6)
  An acid dragon (D:9)
  A black bear (D:6)
  4 orc warriors
  3 ogres
  A phantom (D:5)
  5 centaurs
  2 kobold brigands (D:7)
  3 bullfrogs
  A necrophage (D:7)
  3 scorpions
  4 wights (D:8)
  6 killer bees (D:8)
  3 howler monkeys
  7 hounds
  7 orc priests
  3 jellies
  A gnoll bouda (D:7)
  A human zombie (Ossuary)
  5 iguanas
  17 orc wizards
  5 mummies (Ossuary)
  11 gnolls
  4 adders
  A shadow imp (D:6)
  A white imp (D:7)
  3 ufetubi
  2 worms (D:3)
  42 orcs
  4 endoplasms
  7 giant cockroaches
  15 goblins
  11 hobgoblins
  26 kobolds
  4 quokkas
  8 ball pythons
  6 bats
  2 frilled lizards (D:1)
  3 gnoll zombies (Ossuary)
  A goblin zombie (Ossuary)
  A hobgoblin zombie (Ossuary)
  2 kobold zombies (Ossuary)
  8 rats
258 creatures vanquished.

Vanquished Creatures (collateral kills)
  A bat (D:2)
  A goblin (D:1)
2 creatures vanquished.

Vanquished Creatures (others)
  2 orc wizards (D:7)
2 creatures vanquished.

Grand Total: 262 creatures vanquished

Notes
Turn   | Place    | Note
-------+----------+-------------------------------------------
     0 | D:1      | flotson the Demonspawn Necromancer began the quest for the
                  | Orb.
     0 | D:1      | Reached XP level 1. HP: 13/13 MP: 3/3
   409 | D:1      | Gained mutation: You regenerate a little health from kills.
                  | [demonic ancestry]
   409 | D:1      | Reached XP level 2. HP: 19/19 MP: 1/5
   467 | D:1      | Learned a level 2 spell: Blink
  1100 | D:2      | Found a faded altar of an unknown god.
  1370 | D:2      | Reached XP level 3. HP: 10/25 MP: 4/6
  2357 | D:3      | Gained mutation: You have large cloven feet. [demonic
                  | ancestry]
  2357 | D:3      | Reached XP level 4. HP: 21/31 MP: 4/7
  2377 | D:3      | Reached skill level 1 in Fighting
  2446 | D:3      | Learned a level 3 spell: Vampiric Draining
  2473 | D:3      | Found an ornate altar of the Wu Jian Council.
  2953 | D:3      | Reached skill level 1 in Armour
  2953 | D:3      | Reached skill level 1 in Translocations
  3048 | D:3      | Gained mutation: You are partially covered in sharp spines.
                  | [demonic ancestry]
  3048 | D:3      | Reached XP level 5. HP: 37/37 MP: 3/9
  3306 | D:3      | Found a shimmering blue altar of Sif Muna.
  3368 | D:3      | Found a blossoming altar of Fedhas.
  3456 | D:4      | Reached skill level 1 in Maces & Flails
  3456 | D:4      | Reached skill level 1 in Ranged Weapons
  3456 | D:4      | Reached skill level 5 in Necromancy
  3456 | D:4      | Reached skill level 1 in Evocations
  3656 | D:4      | Identified the +2 robe of Eternal Night {Str+6 Dex+4}
  3767 | D:4      | Reached skill level 1 in Throwing
  3767 | D:4      | Reached XP level 6. HP: 43/43 MP: 1/10
  3772 | D:4      | Learned a level 4 spell: Animate Dead
  4445 | D:4      | Reached XP level 7. HP: 43/50 MP: 11/11
  4507 | D:4      | Found an opulent altar of Gozag.
  4510 | D:4      | Became a worshipper of Gozag Ym Sagoz the Greedy
  4685 | D:4      | Noticed a +0 falchion
  4685 | D:4      | Noticed a +0 spear
  4685 | D:4      | Noticed a +0 dagger
  4688 | D:4      | Noticed a +0 short sword
  4689 | D:4      | Noticed a +0 short sword
  4706 | D:4      | Found a hide-covered altar of Uskayaw.
  4706 | D:4      | Noticed a +0 dagger
  4706 | D:4      | Noticed a +0 falchion
  4781 | D:4      | Noticed a +0 spear
  5020 | D:5      | Entered Level 5 of the Dungeon
  5145 | D:5      | Noticed Prince Ribbit
  5259 | D:5      | Found a burning altar of Makhleb.
  5444 | D:5      | Killed Prince Ribbit
  5445 | D:5      | Gained mutation: You are mostly covered in sharp spines.
                  | [demonic ancestry]
  5445 | D:5      | Reached XP level 8. HP: 37/57 MP: 1/13
  6009 | D:5      | Got Fovvaukk's Compendium of Stones
  6285 | D:5      | Found a shadowy altar of Dithmenos.
  6285 | D:5      | Found a snail-covered altar of Cheibriados.
  6644 | D:6      | Reached skill level 1 in Polearms
  6661 | D:6      | Reached skill level 6 in Necromancy
  6927 | D:6      | Learned a level 3 spell: Lesser Beckoning
  6987 | D:6      | Found a sand-covered staircase.
  6997 | Ossuary  | Entered an ossuary
  7324 | D:6      | Noticed Sigmund
  7339 | D:6      | Killed Sigmund
  7459 | D:6      | Gained mutation: You are partially covered in rugged brown
                  | scales. (AC +1, +3% HP) [demonic ancestry]
  7459 | D:6      | Reached XP level 9. HP: 55/65 MP: 15/15
  7541 | D:6      | Noticed Menkaure
  7545 | D:6      | Killed Menkaure
  7967 | D:6      | Noticed Edmund
  7984 | D:6      | Killed Edmund
  8867 | D:7      | Found a runed translucent door.
  8867 | D:7      | Noticed CorralTheTroops's ghost (novice GrCj)
  8999 | D:7      | Found a staircase to the Ecumenical Temple.
  9095 | D:8      | Noticed xian's ghost (novice DsFi)
  9095 | D:8      | Found a transporter.
  9095 | D:8      | Found a transporter.
  9237 | D:8      | Reached XP level 10. HP: 72/75 MP: 17/17
  9324 | D:8      | Found a flagged portal.
  9333 | Bailey   | Entered a bailey
 10056 | D:8      | Found Cuerch's General Store.
 10212 | D:8      | Learned a level 5 spell: Agony
 10253 | D:9      | Noticed Erolcha
 10361 | D:9      | Noticed a two-headed ogre
 10368 | D:9      | Reached skill level 7 in Necromancy
 10376 | D:9      | Killed a two-headed ogre
 10377 | D:9      | Reached skill level 5 in Spellcasting
 10468 | D:9      | Noticed Psyche
 10488 | D:9      | Killed Psyche
 10608 | D:10     | Entered Level 10 of the Dungeon
 10630 | D:10     | Noticed a two-headed ogre
 10657 | D:9      | Noticed an orange demon
 10658 | D:9      | Noticed a cyan ugly thing
 10658 | D:9      | Noticed Amaemon
 11118 | D:10     | Reached skill level 5 in Fighting
 11242 | D:10     | Reached skill level 5 in Dodging
 11560 | D:10     | Noticed a two-headed ogre
 11571 | D:10     | Slain by a two-headed ogre

Illustrated notes

Levels and vault maps discovered:
D:1:      sevenhm_arrival_forest_fort_large_2, layout_loops_cross,
          nicolae_concentric_dashed_squares_wild
D:2:      minmay_recursive_quarters, layout_basic,
          hellmonk_ecumenical_altar_inner_sanctum, minmay_3d_cube
D:3:      layout_rooms, lemuel_tele_altar, mainiacjoe_overflow_surrounded_room,
          mainiacjoe_overflow_catwalk, wad_floor_pattern_untrapped,
          minmay_pentomino_pile
D:4:      layout_gridville, lemuel_doored_altar, nicolae_uskayaw_en_pointe,
          serial_glass, glass_columns_a, glass_columns_a, feat_on_display
D:5:      layout_basic, amethyst_overflow_temple_binary, kennysheep_mini,
          grunt_decor_arrowhead, grunt_decor_mini_mirrors, uniq_prince_ribbit1
D:6:      layout_basic, serial_glass, glass_columns_c, glass_columns_b,
          enter_ossuary_1, dk_noncrumbling_4, uniq_sigmund, uniq_edmund,
          uniq_menkaure
D:7:      minmay_flawed_box, layout_rooms, minmay_temple_entry_drinking_statues,
          hellmonk_ghost_happy_afterlife
D:8:      layout_rooms, enter_bailey_2, serial_shops, nicolae_shop_statue_plus,
          gammafunk_ghost_arena
D:9:      layout_rooms, uniq_psyche, uniq_amaemon, uniq_erolcha
D:10:     layout_rooms, tgw_xom, grunt_temple_overflow_bloody_war,
          dreamdust_princess_bridge, nooodl_orcs_dogs

Skill      XL: |  1  2  3  4  5  6  7  8  9 10 |
---------------+-------------------------------+-----
Stealth        | 2 |  2.0
Dodging        | 2 3 4 5 |  5.0
Fighting       | 1 2 3 4 5 |  5.0
Armour         | 1 2 3 4 |  4.5
Translocations | 1 2 3 4 |  4.5
Maces & Flails | 1 2 |  2.2
Ranged Weapons | 1 2 3 4 |  4.3
Necromancy     | 5 6 7 |  7.3
Evocations     | 1 2 3 4 |  4.7
Throwing       | 1 2 3 4 |  4.3
Spellcasting   | 3 4 5 |  5.3
Polearms       | 1 2 3 |  3.7

Action                   |  1- 3 |  4- 6 |  7- 9 | 10-12 || total
-------------------------+-------+-------+-------+-------++-------
Melee: Dagger            |    86 |       |       |       ||    86
       Mace              |    12 |    21 |    82 |       ||   115
       Trident           |       |       |    42 |    95 ||   137
       Dire flail        |       |       |   139 |    14 ||   153
       Unarmed           |       |       |       |     7 ||     7
       Punch             |       |       |       |     1 ||     1
 Fire: Sling             |       |    93 |    84 |       ||   177
Throw: Boomerang         |       |       |       |     8 ||     8
       Dart              |       |       |       |     3 ||     3
 Cast: Necrotise         |    34 |    37 |     4 |    32 ||   107
       Vampiric Draining |       |     6 |     4 |     1 ||    11
       Animate Dead      |       |     1 |       |       ||     1
       Blink             |       |       |     1 |       ||     1
Evoke: Wand              |       |     2 |     2 |     1 ||     5
  Use: Scroll            |       |       |    11 |     5 ||    16
 Stab: Sleeping          |     3 |       |     5 |     1 ||     9
       Distracted        |       |       |     4 |     3 ||     7
Armor: Robe              |    35 |    27 |    98 |    31 ||   191
       Skin              |       |       |       |     1 ||     1
Dodge: Dodged            |    86 |    47 |   184 |    77 ||   394

Table legend: (Time is in decaauts)
 A = Elapsed time spent in this place.
 B = Non-inter-level travel time spent in this place.
 C = Inter-level travel time spent in this place.
 D = Time resting spent in this place.
 E = Time spent auto-exploring this place.
 F = Levels seen in this place.
 G = Mean time per level.
                   A        B        C        D        E       F      G
               +--------+--------+--------+--------+--------+-----+--------+
         Total |  11715 |  11281 |    434 |     52 |   8901 |  12 |  976.2 |
       Dungeon |  10902 |  10468 |    434 |     52 |   8338 |  10 | 1090.2 |
       Ossuary |    287 |    287 |      0 |      0 |    173 |   1 |  287.0 |
        Bailey |    525 |    525 |      0 |      0 |    390 |   1 |  525.0 |
               +--------+--------+--------+--------+--------+-----+--------+

Top non-repeatable levels by time:
     D:4: 1642 daAuts
     D:6: 1581 daAuts
     D:5: 1519 daAuts
     D:2: 1334 daAuts
     D:3: 1086 daAuts
     D:1: 1006 daAuts
    D:10: 965 daAuts
     D:7: 753 daAuts
     D:8: 660 daAuts
  Bailey: 525 daAuts
     D:9: 352 daAuts
 Ossuary: 287 daAuts
